 Dungeon Crawl Stone Soup version 0.20-a0-492-g6327889 (webtiles) character file.

30 aspy the Chiller (level 3, -2/24 HPs)
             Began as a Vampire Ice Elementalist on Jan 15, 2017.
             Slain by a centaur (7 damage)
             ... on level 3 of the Dungeon.
             The game lasted 00:07:00 (1227 turns).

aspy the Chiller (Vampire Ice Elementalist)         Turns: 1227, Time: 00:07:00

Health: -2/24      AC:  3    Str:  7    XL:     3   Next: 5%
Magic:  7/7        EV: 12    Int: 18    God:
Gold:   66         SH:  0    Dex: 14    Spells: 6/7 levels left

rFire    + . .     SeeInvis +   f - +0 whip
rCold    . . .     Gourm    .   e - +0 leather armour {rF+}
rNeg     . . .     Faith    .   (no shield)
rPois    .         Spirit   .   (no helmet)
rElec    .         Reflect  .   (no cloak)
rCorr    .         Harm     .   (no gloves)
MR       .....                  (no boots)
Stlth    ++........             (no amulet)
Regen    0.2/turn               (no ring)
                                (no ring)

@: regenerating quickly
A: fangs 3, see invisible, unbreathing
a: no special abilities


You were on level 3 of the Dungeon.
You were very full.

You visited 1 branch of the dungeon, and saw 4 of its levels.

You collected 66 gold pieces.

Inventory:

Hand Weapons
 f - a +0 whip (weapon)
Armour
 a - a +0 robe
 c - a cursed +0 shield
 e - a +0 leather armour of fire resistance (worn)
Scrolls
 d - a scroll of teleportation {unknown}
 g - a scroll of remove curse
 i - a scroll of magic mapping {unknown}
 k - a scroll of recharging {unknown}
 l - a scroll of noise {unknown}
Potions
 h - a potion of heal wounds {unknown}
 j - a potion of invisibility {unknown}
 m - a potion of curing
Books
 b - a book of Frost

   Spells                             Type                      Level
   a - Freeze                         Ice                          1
   b - Throw Frost                    Conjuration/Ice              2
   c - Ozocubu's Armour               Charms/Ice                   3
   d - Throw Icicle                   Conjuration/Ice              4
   e - Summon Ice Beast               Ice/Summoning                4


   Skills:
 - Level 2.1 Dodging
 - Level 3.0 Stealth
 + Level 2.6 Spellcasting
   Level 0.6 Conjurations
 * Level 3.7 Ice Magic


You had 6 spell levels left.
You knew the following spells:

 Your Spells              Type           Power        Failure   Level  Hunger
z - Freeze                Ice            ###.         8%          1    #......


Dungeon Overview and Level Annotations

Branches:
Dungeon (4/15)
 Temple: D:4-7

Altars:


Innate Abilities, Weirdness & Mutations

Your natural rate of healing is unusually fast.
You have razor-sharp teeth.
You have supernaturally acute eyesight. (SInv)
You can survive without breathing.


Message History

You now have 66 gold pieces (gained 9).
The centaur shouts!
The centaur wields a shortbow.
The centaur shoots an arrow.
The arrow misses you.
You see here an arrow.
The centaur shoots an arrow.
The arrow hits you!
* * * LOW HITPOINT WARNING * * *
The centaur shoots an arrow.
The arrow hits you!
* * * LOW HITPOINT WARNING * * *
You see here an arrow.
Found a whip.
Okay, then.
It was a potion of curing.
You feel better.
The centaur shoots an arrow.
The arrow hits you.
* * * LOW HITPOINT WARNING * * *
You hear a shout!
A bat comes into view.
The centaur unwields an uncursed shortbow.
The centaur hits you!
You die...

.# .# .# .# ######.#
#.#......# ).b......#
#(# #@###############
.#.###c##............##
...c....(#.##########...
........................
#.#......###############
....#...# ###......#
######.# ######## #.#
#.......


You could see a centaur.

Vanquished Creatures
  2 dart slugs (D:1)
  2 leopard geckos (D:1)
  3 giant cockroaches
  2 goblins (D:1)
  A hobgoblin (D:3)
  8 kobolds (D:1)
  A ball python (D:1)
  2 bats (D:1)
  A frilled lizard (D:1)
22 creatures vanquished.

Notes
Turn   | Place    | Note
-------+----------+-------------------------------------------
     0 | D:1      | aspy the Vampire Ice Elementalist began the quest for the Orb.
     0 | D:1      | Reached XP level 1. HP: 13/13 MP: 3/3
   274 | D:1      | Reached XP level 2. HP: 14/19 MP: 0/5
   980 | D:2      | You fall through a shaft for 2 floors!
   982 | D:4      | Noticed an ogre
  1037 | D:3      | Noticed a centaur
  1148 | D:3      | Reached XP level 3. HP: 24/24 MP: 7/7
  1227 | D:3      | Slain by a centaur

Vault maps used:
D:1:      dpeg_arrival_castle
D:2:      elyvilon_altar_1, nemelex_xobeh_ov_fountains_minmay,
          roderic_roman_lattice
D:4:      first_bread, lightli_sewer_entry_pipes

Action                   || total
-------------------------++-------
Melee: Unarmed           ||     8
       Whip              ||    27
       Bite              ||     4
 Cast: Freeze            ||    24
  Use: Potion            ||     9
       Scroll            ||     1
 Stab: Sleeping          ||     3
  Eat: Corpse            ||     1
Armor: Robe              ||     7
       Leather armour    ||     3
Dodge: Dodged            ||    28
